 Dungeon Crawl Stone Soup version 0.29.0-4-gdea44cf6ec (webtiles) character file.

Game seed: 628452950680234272

3628 qw the Cleaver (level 10, -1/60 HPs)
             Began as a Tengu Warper on Aug 28, 2022.
             Was a Priest of Okawaru.
             Killed from afar by an oklob plant (6 damage)
             ... with a splash of acid
             ... on level 1 of the Lair of Beasts.
             The game lasted 00:00:51 (9348 turns).

qw the Cleaver (Tengu Warper)                       Turns: 9348, Time: 00:00:51

Health: -1/60      AC: 17    Str: 22    XL:     10   Next: 11%
Magic:  12/14      EV: 15    Int: 16    God:    Okawaru [***...]
Gold:   287        SH:  0    Dex: 13    Spells: 13/13 levels left

rFire   . . .      SeeInvis .   s - +10 war axe of Drought {protect, rPois rC+ Str+6 Int+2}
rCold   + . .      Faith    .   (no shield)
rNeg    . . .      Spirit   .   v - +2 plate armour {rPois}
rPois   +          Reflect  .   (helmet restricted)
rElec   .          Harm     .   (no cloak)
rCorr   .          Rampage  .   h - +0 pair of gloves
Will    .....                   (boots unavailable)
Stlth   ..........              (no amulet)
HPRegen 0.20/turn               k - +4 ring of slaying {mikee}
MPRegen 0.14/turn               l - +4 ring of evasion

@: about to teleport, heroic, corroded, under a protective aura, flying quickly
and evasively, quick
A: beak, talons 3, nimble flight
a: Renounce Religion, Heroism


You were on level 1 of the Lair of Beasts.
You worshipped Okawaru.
Okawaru was most pleased with you.
You visited 3 branches of the dungeon, and saw 10 of its levels.

You collected 1536 gold pieces.
You spent 1249 gold pieces at shops.


Innate Abilities, Weirdness & Mutations

You have a beak for a mouth.
You have claws for feet.
Your magical nature lets you fly swiftly and evasively.


   Skills:
 - Level 6.0(11.0) Fighting
 - Level 12.1(17.1) Axes
 - Level 1.0(6.0) Throwing
 + Level 5.0(10.0) Armour
 - Level 3.1(8.1) Dodging
 - Level 2.0 Spellcasting
 - Level 2.4 Translocations
 - Level 4.0 Invocations


You had 13 spell levels left.
You didn't know any spells.
Your spell library contained the following spells:

 Spells                   Type           Power      Damage    Failure   Level
 Blink                    Tloc           18%        N/A       85%         2
 Gell's Gravitas          Tloc           9%         N/A       97%         3
 Lesser Beckoning         Tloc           9%         N/A       97%         3
 Teleport Other           Tloc           9%         N/A       97%         3
 Manifold Assault         Tloc           9%         N/A       100%        5

Inventory:

Hand Weapons
 i - a +0 flail
 s - the +10 war axe of Drought (weapon) {protect, rPois rC+ Str+6 Int+2}
   (You found it on level 6 of the Dungeon)

   It grants its wielder temporary protection when it strikes (+7 to AC).
   Str:       It affects your strength (+6).
   Int:       It affects your intelligence (+2).
   rC:        It protects you from cold.
   rPois:     It protects you from poison.
Missiles
 p - 2 boomerangs (quivered)
Armour
 h - a +0 pair of gloves (worn)
 v - a +2 plate armour of poison resistance (worn)
Jewellery
 k - a +4 ring of slaying (left hand) {mikee}
 l - a +4 ring of evasion (right hand)
 m - a ring of poison resistance
Scrolls
 a - a scroll of enchant weapon
 d - a scroll of identify
 g - a scroll of teleportation
Potions
 c - a potion of resistance
 e - a potion of degeneration {unknown}
 f - 3 potions of heal wounds
 j - 3 potions of curing
 n - 3 potions of cancellation
 o - a potion of flight {unknown}
 q - 3 potions of haste
 r - a potion of might

Dungeon Overview and Level Annotations

Branches:
Dungeon (8/15)             Temple (1/1) D:5            Lair (1/5) D:8

Altars:
Ashenzari
Cheibriados
Dithmenos
Elyvilon
Fedhas
Gozag
Kikubaaqudgha
Nemelex Xobeh
Okawaru
Qazlal
Ru
Sif Muna
Trog
Uskayaw
Vehumet
Wu Jian
Xom
Yredelemnul

Shops:
D:6 [(!

Annotations:
D:2 1 runed translucent door, Crazy Yiuf
D:4 1 runed translucent door, qw's ghost, amateur TeWr


Message History

The water moccasin bites you but does no damage.
Your base Axes skill increases to level 12!
You barely miss the yak. You claw the yak, but do no damage. You peck the yak.
The yak is almost dead.
You barely miss the cane toad. You hit the water moccasin.
The oklob plant spits acid at you. The splash of acid hits you!
The acid corrodes you! The yak closely misses you.
The cane toad barely misses you.
The water moccasin bites you but does no damage.
You slash the yak!
You kill the yak!
Okawaru accepts your kill.
You barely miss the cane toad. You hit the water moccasin.
You kill the water moccasin!
Okawaru accepts your kill.
Okawaru will now gift you throwing weapons as you gain piety.
An eight-headed hydra comes into view.
The cane toad completely misses you. The oklob plant spits acid at you.
The splash of acid hits you!!
Your base Fighting skill increases to level 6!
You slash the cane toad!
You claw the cane toad, but do no damage.
The cane toad is moderately wounded.
You barely miss the cane toad. Your kick misses the cane toad.
The cane toad is moderately wounded.
The cane toad stings you but does no damage.
You slash the cane toad! Your kick misses the cane toad.
Your punch misses the cane toad.
The cane toad is heavily wounded.
The cane toad closely misses you.
You slash the cane toad!
The cane toad is severely wounded.
The cane toad stings you!
9348 ||| READING 2 scrolls of teleportation.
As you read the scroll of teleportation, it crumbles to dust.
You feel strangely unstable. The oklob plant spits acid at you.
The splash of acid hits you.
You die...

P... #..! #....
#....###########
...............#
............$..#
......F..<.PPP
...D...@..[PPP
.......%.%.PPP
................
...............#
.^.............#
#.............#.#
#..####.#.......#
#.. ###....##.


You could see an eight-headed hydra, an oklob plant and a cane toad.

Vanquished Creatures
  Joseph (D:7)
  A hornet (D:8)
  3 yaks (Lair:1)
  A basilisk (Lair:1)
  2 water moccasins
  Duvessa (D:7)
  2 sky beasts (D:7)
  A black bear (D:6)
  2 orc warriors (D:8)
  An ice beast (D:7)
  An ogre (D:5)
  A centaur (D:7)
  Blork the orc (D:5)
  A gnoll sergeant (D:7)
  4 scorpions
  4 wights (D:6)
  A howler monkey (D:6)
  5 hounds
  7 jellies
  3 orc priests (D:8)
  Ijyb (D:4)
  3 iguanas
  3 orc wizards
  8 adders
  13 gnolls
  3 white imps
  3 worms
  11 orcs
  5 bats
  6 endoplasms
  4 giant cockroaches
  10 goblins
  5 hobgoblins
  3 jackals (D:2)
  3 kobolds
  2 quokkas
  5 ball pythons
  5 frilled lizards
  3 rats (D:3)
139 creatures vanquished.

Vanquished Creatures (others)
  11 plants (Lair:1)
  2 withered plants (D:4)
13 creatures vanquished.

Grand Total: 152 creatures vanquished

Notes
Turn   | Place    | Note
-------+----------+-------------------------------------------
     0 | D:1      | qw the Tengu Warper began the quest for the Orb.
     0 | D:1      | Reached XP level 1. HP: 12/12 MP: 4/4
     0 | D:1      | 0 ||| qw: Version: 0.1-a-89-g26bdef1
     0 | D:1      | 0 ||| qw: Game counter: 2573
     0 | D:1      | 0 ||| qw: Always use a shield: true
     0 | D:1      | 0 ||| qw: God list: Okawaru
     0 | D:1      | 0 ||| qw: Allow faded altars: false
     0 | D:1      | 0 ||| qw: Do Orc after D:15 true
     0 | D:1      | 0 ||| qw: Do second Lair branch before Depths: true
     0 | D:1      | 0 ||| qw: Lair rune preference: random
     0 | D:1      | 0 ||| qw: Plans: Normal
     0 | D:1      | 0 ||| PLANNING D:1-11
   268 | D:1      | Reached XP level 2. HP: 17/17 MP: 6/6
   340 | D:1      | Reached skill level 3 in Axes
   359 | D:1      | 359 ||| Stepping ~*~*~tactically~*~*~ (stealth).
   648 | D:1      | 648 ||| Stepping ~*~*~tactically~*~*~ (stealth).
   650 | D:1      | 650 ||| Stepping ~*~*~tactically~*~*~ (stealth).
   669 | D:1      | 669 ||| Stepping ~*~*~tactically~*~*~ (stealth).
   670 | D:1      | 670 ||| Stepping ~*~*~tactically~*~*~ (stealth).
   878 | D:1      | Found a faded altar of an unknown god.
   985 | D:1      | 985 ||| UPGRADING to +0 pair of gloves.
   990 | D:1      | 990 ||| UPGRADING to +4 ring of slaying {mikee}.
   991 | D:1      | 991 ||| UPGRADING to +4 ring of evasion.
   992 | D:1      | 992 ||| READING scroll labelled NAIDAE NOSMAXA.
   993 | D:1      | 993 ||| DRINKING 2 dark potions.
   994 | D:1      | 994 ||| DRINKING 2 fuming ruby potions.
   995 | D:1      | 995 ||| DROPPING scroll of blinking.
   996 | D:1      | 996 ||| DROPPING potion of magic.
  1009 | D:2      | 1009 ||| Stepping ~*~*~tactically~*~*~ (stealth).
  1016 | D:2      | Reached XP level 3. HP: 19/21 MP: 7/7
  1024 | D:2      | 1024 ||| Stepping ~*~*~tactically~*~*~ (stealth).
  1027 | D:2      | 1027 ||| Stepping ~*~*~tactically~*~*~ (stealth).
  1030 | D:2      | 1030 ||| Stepping ~*~*~tactically~*~*~ (stealth).
  1038 | D:2      | 1038 ||| Stepping ~*~*~tactically~*~*~ (stealth).
  1039 | D:2      | 1039 ||| Stepping ~*~*~tactically~*~*~ (stealth).
  1143 | D:2      | 1143 ||| Stepping ~*~*~tactically~*~*~ (stealth).
  1144 | D:2      | 1144 ||| Stepping ~*~*~tactically~*~*~ (stealth).
  1146 | D:2      | 1146 ||| Stepping ~*~*~tactically~*~*~ (stealth).
  1148 | D:2      | 1148 ||| Stepping ~*~*~tactically~*~*~ (stealth).
  1156 | D:2      | Reached skill level 4 in Axes
  1213 | D:2      | Found a runed translucent door.
  1214 | D:2      | Noticed Crazy Yiuf
  1358 | D:2      | 1358 ||| Stepping ~*~*~tactically~*~*~ (stealth).
  1373 | D:2      | 1373 ||| DROPPING +0 club.
  1497 | D:2      | 1497 ||| Stepping ~*~*~tactically~*~*~ (stealth).
  1803 | D:2      | 1803 ||| UPGRADING to +0 ring mail.
  1813 | D:2      | 1813 ||| DROPPING +0 leather armour.
  1814 | D:2      | 1814 ||| READING scroll labelled JAPREM QIPOASS.
  1855 | D:2      | 1855 ||| READING scroll labelled SYXOED ORUGG.
  1855 | D:2      | Identified a scroll of acquirement
  1855 | D:2      | 1855 ||| ACQUIRING 946 gold pieces
  1855 | D:2      | Acquired 946 gold pieces
  1857 | D:2      | 1857 ||| READING scroll labelled FUESCH YZXUCVEE.
  2060 | D:3      | Reached XP level 4. HP: 26/26 MP: 8/8
  2083 | D:3      | 2083 ||| Stepping ~*~*~tactically~*~*~ (stealth).
  2195 | D:3      | 2195 ||| Stepping ~*~*~tactically~*~*~ (stealth).
  2204 | D:3      | 2204 ||| Stepping ~*~*~tactically~*~*~ (stealth).
  2578 | D:3      | Reached skill level 5 in Axes
  2828 | D:3      | 2828 ||| READING 2 scrolls labelled IRAMEUTUILUWN.
  2829 | D:3      | 2829 ||| READING scroll of enchant weapon.
  2829 | D:3      | 2829 ||| ENCHANTING +1 hand axe.
  2830 | D:3      | 2830 ||| READING 4 scrolls labelled SOAHUT GENURPH.
  2831 | D:3      | 2831 ||| READING scroll labelled XIGIAG YMNINWO.
  2832 | D:3      | 2832 ||| DRINKING 2 fuming golden potions.
  2933 | D:3      | 2933 ||| READING 3 scrolls of identify.
  2933 | D:3      | 2933 ||| IDENTIFYING fizzy pink potion
  2934 | D:3      | 2934 ||| READING 2 scrolls of identify.
  2934 | D:3      | 2934 ||| IDENTIFYING red potion
  2935 | D:3      | 2935 ||| DROPPING potion of lignification.
  2936 | D:3      | 2936 ||| DROPPING potion of ambrosia.
  2979 | D:4      | 2979 ||| STAIRDANCE
  3157 | D:4      | Noticed a scorpion
  3171 | D:4      | Killed a scorpion
  3172 | D:4      | Reached skill level 6 in Axes
  3172 | D:4      | Gained mutation: Your magical nature lets you fly swiftly
                  | and evasively. [Tengu growth]
  3172 | D:4      | Reached XP level 5. HP: 22/30 MP: 9/9
  3271 | D:4      | 3271 ||| SWAPPING to +0 war axe.
  3275 | D:4      | 3275 ||| DROPPING +2 hand axe.
  3351 | D:4      | Noticed Ijyb
  3352 | D:4      | 3352 ||| Stepping ~*~*~tactically~*~*~ (hiding).
  3360 | D:4      | Killed Ijyb
  3454 | D:4      | Found a runed translucent door.
  3454 | D:4      | Noticed qw's ghost (amateur TeWr)
  3549 | D:4      | Reached XP level 6. HP: 33/35 MP: 10/10
  3939 | D:4      | 3939 ||| UPGRADING to +3 leather armour of poison
                  | resistance.
  3949 | D:4      | 3949 ||| READING scroll labelled MAAGRU IGUDUS.
  3950 | D:4      | 3950 ||| READING scroll labelled TUS CORIENEMM.
  3951 | D:4      | 3951 ||| READING 2 scrolls of identify.
  3951 | D:4      | 3951 ||| IDENTIFYING fizzy black potion
  3952 | D:4      | 3952 ||| DROPPING potion of berserk rage.
  3965 | D:5      | Entered Level 5 of the Dungeon
  3966 | D:5      | 3966 ||| Stepping ~*~*~tactically~*~*~ (hiding).
  3968 | D:5      | 3968 ||| Stepping ~*~*~tactically~*~*~ (hiding).
  3969 | D:5      | 3969 ||| Stepping ~*~*~tactically~*~*~ (hiding).
  4009 | D:5      | 4009 ||| Stepping ~*~*~tactically~*~*~ (stealth).
  4010 | D:5      | 4010 ||| Stepping ~*~*~tactically~*~*~ (stealth).
  4015 | D:5      | Reached skill level 7 in Axes
  4144 | D:5      | 4144 ||| Stepping ~*~*~tactically~*~*~ (hiding).
  4146 | D:5      | 4146 ||| Stepping ~*~*~tactically~*~*~ (hiding).
  4311 | D:5      | 4311 ||| DROPPING +0 whip.
  4362 | D:5      | Reached skill level 3 in Fighting
  4422 | D:5      | Noticed Blork the orc
  4423 | D:5      | 4423 ||| Stepping ~*~*~tactically~*~*~ (hiding).
  4424 | D:5      | 4424 ||| Stepping ~*~*~tactically~*~*~ (hiding).
  4429 | D:5      | Killed Blork the orc
  4430 | D:5      | Reached skill level 3 in Dodging
  4430 | D:5      | Reached XP level 7. HP: 41/41 MP: 11/11
  4649 | D:5      | Found a staircase to the Ecumenical Temple.
  4650 | D:5      | 4650 ||| PLANNING TEMPLE
  4650 | D:5      | 4650 ||| READING scroll labelled SAWOAG DEDGHOLAU.
  4651 | D:5      | 4651 ||| DRINKING 2 fizzy inky potions.
  4660 | Temple   | Entered the Ecumenical Temple
  4717 | Temple   | Became a worshipper of Warmaster Okawaru
  4805 | Temple   | 4805 ||| PLANNING D:1-11
  4858 | D:5      | Found a shadowy altar of Dithmenos.
  5117 | D:5      | Reached skill level 8 in Axes
  5429 | D:5      | 5429 ||| READING scroll labelled XOTYAS BEOKIE.
  5584 | D:6      | 5584 ||| PLANNING OSSUARY
  5591 | D:6      | 5591 ||| STAIRDANCE
  5681 | D:6      | Reached skill level 9 in Axes
  5716 | D:6      | Reached * piety under Okawaru
  5717 | D:6      | Reached XP level 8. HP: 40/48 MP: 12/12
  5937 | D:6      | 5937 ||| Stepping ~*~*~tactically~*~*~ (hiding).
  5945 | D:6      | 5945 ||| INVOKING Heroism.
  6086 | D:6      | Found Niathraywn's Distillery.
  6087 | D:6      | 6087 ||| Stepping ~*~*~tactically~*~*~ (stealth).
  6088 | D:6      | 6088 ||| Stepping ~*~*~tactically~*~*~ (stealth).
  6089 | D:6      | 6089 ||| Stepping ~*~*~tactically~*~*~ (stealth).
  6090 | D:6      | 6090 ||| BUYING potion of curing (39 gold).
  6090 | D:6      | Bought a potion of curing for 39 gold pieces
  6090 | D:6      | 6090 ||| BUYING potion of haste (130 gold).
  6090 | D:6      | Bought a potion of haste for 130 gold pieces
  6090 | D:6      | 6090 ||| BUYING potion of heal wounds (65 gold).
  6090 | D:6      | Bought a potion of heal wounds for 65 gold pieces
  6090 | D:6      | 6090 ||| BUYING potion of might (52 gold).
  6090 | D:6      | Bought a potion of might for 52 gold pieces
  6099 | D:6      | Reached skill level 1 in Invocations
  6121 | D:6      | Identified the +10 war axe of Drought {protect, rPois rC+
                  | Str+6 Int+2}
  6123 | D:6      | 6123 ||| SWAPPING to +10 war axe of Drought {protect, rPois
                  | rC+ Str+6 Int+2}.
  6124 | D:6      | 6124 ||| DROPPING +0 war axe.
  6130 | D:6      | 6130 ||| Stepping ~*~*~tactically~*~*~ (stealth).
  6131 | D:6      | 6131 ||| Stepping ~*~*~tactically~*~*~ (hiding).
  6161 | D:6      | Found a hide-covered altar of Uskayaw.
  6176 | D:6      | Found Awneo's Antique Armour Shop.
  6185 | D:6      | 6185 ||| BUYING chain mail (81 gold).
  6185 | D:6      | Bought a chain mail for 81 gold pieces
  6185 | D:6      | 6185 ||| BUYING plate armour (414 gold).
  6185 | D:6      | Bought a plate armour for 414 gold pieces
  6185 | D:6      | 6185 ||| BUYING runed plate armour (468 gold).
  6185 | D:6      | Bought a runed plate armour for 468 gold pieces
  6185 | D:6      | 6185 ||| SHOPLISTING runed plate armour (468 gold, have
                  | 141).
  6201 | D:6      | 6201 ||| INVOKING Heroism.
  6254 | D:6      | 6254 ||| Stepping ~*~*~tactically~*~*~ (stealth).
  6256 | D:6      | 6256 ||| RIP OSSUARY
  6257 | D:6      | 6257 ||| PLANNING D:1-11
  6257 | D:6      | 6257 ||| Stepping ~*~*~tactically~*~*~ (stealth).
  6298 | D:6      | Reached skill level 3 in Invocations
  6429 | D:6      | Found Waijong's Weapon Shoppe.
  6675 | D:6      | 6675 ||| UPGRADING to +0 ring mail.
  6685 | D:6      | 6685 ||| DROPPING +3 leather armour of poison resistance.
  6686 | D:6      | 6686 ||| UPGRADING to +0 chain mail.
  6696 | D:6      | 6696 ||| DROPPING +0 ring mail.
  6697 | D:6      | 6697 ||| UPGRADING to +0 plate armour.
  6707 | D:6      | 6707 ||| DROPPING +0 chain mail.
  6708 | D:6      | 6708 ||| UPGRADING to +2 plate armour of poison resistance.
  6718 | D:6      | 6718 ||| DROPPING +0 plate armour.
  6719 | D:6      | 6719 ||| READING scroll labelled BULIBR FOMANK.
  6820 | D:6      | 6820 ||| DRINKING 3 golden potions.
  6821 | D:6      | 6821 ||| READING 2 scrolls of identify.
  6821 | D:6      | 6821 ||| IDENTIFYING bubbling purple potion
  6822 | D:6      | 6822 ||| DROPPING potion of attraction.
  6823 | D:6      | 6823 ||| DROPPING 2 potions of brilliance.
  6920 | D:7      | 6920 ||| INVOKING Heroism.
  7051 | D:7      | Noticed Duvessa
  7052 | D:7      | 7052 ||| INVOKING Heroism.
  7057 | D:7      | Killed Duvessa
  7058 | D:7      | Reached XP level 9. HP: 51/52 MP: 10/13
  7204 | D:7      | Noticed Joseph
  7216 | D:7      | Killed Joseph
  7216 | D:7      | Reached ** piety under Okawaru
  7219 | D:7      | Reached skill level 10 in Axes
  7239 | D:7      | 7239 ||| Stepping ~*~*~tactically~*~*~ (hiding).
  7240 | D:7      | 7240 ||| Stepping ~*~*~tactically~*~*~ (hiding).
  7512 | D:7      | 7512 ||| INVOKING Heroism.
  7934 | D:7      | 7934 ||| READING 2 scrolls of identify.
  7934 | D:7      | 7934 ||| IDENTIFYING bubbling silvery potion
  7935 | D:7      | 7935 ||| DROPPING potion of invisibility.
  7948 | D:8      | 7948 ||| INVOKING Heroism.
  7973 | D:8      | Found a staircase to the Lair.
  7978 | D:8      | Noticed a hornet
  7983 | D:8      | Killed a hornet
  8014 | D:8      | Found an ancient bone altar of Kikubaaqudgha.
  8034 | D:8      | Found a broken altar of Ashenzari.
  8147 | D:8      | 8147 ||| Stepping ~*~*~tactically~*~*~ (hiding).
  8151 | D:8      | 8151 ||| INVOKING Heroism.
  8170 | D:8      | 8170 ||| Stepping ~*~*~tactically~*~*~ (hiding).
  8173 | D:8      | 8173 ||| Stepping ~*~*~tactically~*~*~ (hiding).
  8174 | D:8      | 8174 ||| Stepping ~*~*~tactically~*~*~ (hiding).
  8177 | D:8      | 8177 ||| Stepping ~*~*~tactically~*~*~ (hiding).
  8183 | D:8      | Reached skill level 11 in Axes
  8298 | D:8      | Found a sparkling altar of Nemelex Xobeh.
  8435 | D:8      | 8435 ||| Stepping ~*~*~tactically~*~*~ (hiding).
  8437 | D:8      | 8437 ||| INVOKING Heroism.
  8440 | D:8      | 8440 ||| Stepping ~*~*~tactically~*~*~ (hiding).
  8943 | D:8      | Found an opulent altar of Gozag.
  9020 | D:8      | 9020 ||| Stepping ~*~*~tactically~*~*~ (stealth).
  9022 | D:8      | 9022 ||| Stepping ~*~*~tactically~*~*~ (stealth).
  9025 | D:8      | 9025 ||| Stepping ~*~*~tactically~*~*~ (stealth).
  9055 | D:8      | 9055 ||| INVOKING Heroism.
  9220 | D:8      | 9220 ||| INVOKING Heroism.
  9276 | D:8      | 9276 ||| PLANNING LAIR
  9276 | D:8      | 9276 ||| READING scroll labelled CAYWYL BAF.
  9277 | D:8      | 9277 ||| READING scroll labelled XEDDIPNIPAU.
  9278 | D:8      | 9278 ||| READING scroll labelled BUNAET LYILUEMI.
  9279 | D:8      | 9279 ||| DRINKING 2 bubbling clear potions.
  9330 | Lair:1   | Entered Level 1 of the Lair of Beasts
  9330 | Lair:1   | Noticed an oklob plant
  9331 | Lair:1   | 9331 ||| INVOKING Heroism.
  9334 | Lair:1   | Noticed a cane toad
  9340 | Lair:1   | Reached XP level 10. HP: 55/59 MP: 12/14
  9342 | Lair:1   | Reached skill level 12 in Axes
  9343 | Lair:1   | Reached *** piety under Okawaru
  9343 | Lair:1   | Noticed an eight-headed hydra
  9344 | Lair:1   | Reached skill level 6 in Fighting
  9347 | Lair:1   | HP: 5/60 [cane toad (14)]
  9348 | Lair:1   | 9348 ||| READING 2 scrolls of teleportation.
  9348 | Lair:1   | Killed from afar by an oklob plant

Levels and vault maps discovered:
D:1:      lemuel_arrival_broad_hall, layout_loops_corners,
          shapermc_ecumenical_altar_mp_highgroup, hangedman_decor_push,
          st_stairs_14, minmay_curled_crystal
D:2:      layout_loops_ring, uniq_crazy_yiuf_cottage
D:3:      layout_basic, serial_rivers, chequers_serial_rivers_room_b,
          chequers_serial_rivers_small_b, chequers_serial_rivers_marsh,
          chequers_serial_rivers_small_3
D:4:      layout_basic, gammafunk_ghost_grave, uniq_ijyb
D:5:      layout_layer_cave, nicolae_dithmenos_shadow_blocks,
          minmay_temple_entry_grid, uniq_blork_the_orc
D:6:      layout_loops_ring, nicolae_uskayaw_dance_hall, serial_shops,
          shop_statue, shop, nicolae_shop_temple_entry_statues_fountains,
          nicolae_ossuary_entry_monument
D:7:      layout_basic, roderic_lattice_a, st_stairs_8, uniq_duvessa,
          uniq_joseph
D:8:      mumra_celtic_spiral_tile, layout_cave_pools,
          mainiacjoe_overflow_boulevard, kiku_gazebo_garden_becter,
          nicolae_ashenzari_panopticon, lemuel_tele_altar, minivault_27
Temple:   nicolae_temple_bog_church
Lair:1:   layout_gridlike, portal_ice_cave_entry_ice_simulacra,
          nicolae_volcano_entry_batcave, minmay_lair_oklob_bushes,
          nicolae_lair_grazing_beasts [nicolae_sub_lair_graze_edge,
          nicolae_sub_lair_graze_edge, nicolae_sub_lair_graze_edge,
          nicolae_sub_lair_graze_edge], lemuel_fruit_tree

Skill      XL: |  1  2  3  4  5  6  7  8  9 10 |
---------------+-------------------------------+-----
Axes           | 3 4 6 7 9 11 12 | 12.1
Fighting       | 3 4 5 6 |  6.0
Dodging        | 3 |  3.1
Invocations    | 3 4 |  4.0
Armour         | 2 5 |  5.0
Throwing       | |  1.0
Spellcasting   | |  2.0
Translocations | |  2.4

Action                   |  1- 3 |  4- 6 |  7- 9 | 10-12 || total
-------------------------+-------+-------+-------+-------++-------
Melee: Hand axe          |    74 |    36 |       |       ||   110
       Peck              |     7 |    13 |    22 |     1 ||    43
       Kick              |    17 |    14 |    40 |     2 ||    73
       War axe           |       |    29 |   136 |     8 ||   173
       Punch             |       |       |     2 |       ||     2
Throw: Boomerang         |     7 |       |     2 |       ||     9
Invok: Heroism           |       |       |    11 |       ||    11
  Use: Potion            |     2 |     1 |     3 |       ||     6
       Scroll            |     4 |     9 |     8 |     1 ||    22
Armor: Leather armour    |     9 |     2 |    17 |       ||    28
       Ring mail         |     4 |     7 |       |       ||    11
       Plate armour      |       |       |    29 |     3 ||    32
Dodge: Dodged            |    34 |    35 |    71 |     6 ||   146

Table legend:
 A = Non-vault XP
 B = Vault XP
 C = Vault XP percentage of total XP
 D = Non-vault monster count
 E = Vault monster count
 F = Vault count percentage of total count
                 A         B        C        D         E       F
            +---------+---------+-------+---------+---------+-------
      Total |    4345 |     838 |  16.2 |     132 |       7 |   5.0
            +---------+---------+-------+---------+---------+-------
        D:1 |      30 |       3 |   9.1 |      16 |       2 |  11.1
        D:2 |      25 |       0 |   0.0 |      14 |       0 |   0.0
        D:3 |      68 |       0 |   0.0 |      18 |       0 |   0.0
        D:4 |     172 |      38 |  18.1 |      11 |       1 |   8.3
        D:5 |     543 |      90 |  14.2 |      14 |       1 |   6.7
        D:6 |    1103 |       0 |   0.0 |      26 |       0 |   0.0
        D:7 |     626 |     707 |  53.0 |      11 |       3 |  21.4
        D:8 |     859 |       0 |   0.0 |      17 |       0 |   0.0
     Lair:1 |     919 |       0 |   0.0 |       5 |       0 |   0.0
            +---------+---------+-------+---------+---------+-------
